 Dungeon Crawl Stone Soup version 0.25.1-2-g60ff931df9 (webtiles) character file.

Game seed: 11545472522885896038

48440 MisterFreud the Spry (level 14, 0/73 HPs)
             Began as a Felid Berserker on Oct 28, 2020.
             Was the Champion of Trog.
             Slain by an entropy weaver (15 damage)
             ... on level 4 of the Spider Nest on Oct 29, 2020.
             The game lasted 00:53:18 (32180 turns).

MisterFreud the Spry (Felid Berserker)             Turns: 32180, Time: 00:53:19

Health: 0/73       AC: -1    Str: 13    XL:     14   Next: 12%
Magic:  0/25       EV: 37    Int: 11    God:    Trog [******]
Gold:   1446       SH:  0    Dex: 20    Spells: 13/13 levels left
                                        Lives:  0   Deaths: 2

rFire    . . .     SeeInvis +     - Unarmed
rCold    + . .     Gourm    .   (shield unavailable)
rNeg     . . .     Faith    .   (armour unavailable)
rPois    .         Spirit   +   (helmet unavailable)
rElec    .         Reflect  .   (cloak unavailable)
rCorr    .         Harm     .   (gloves unavailable)
MR       ++++.                  (boots unavailable)
Stlth    ++........             j - amulet of guardian spirit
HPRegen  1.22/turn              h - +4 ring of evasion
MPRegen  0.19/turn              u - +4 ring of slaying

@: confused, corroded, regenerating, studying Evocations, quick
A: very small, no armour, no weapons or thrown items, stealth, claws 1, fangs 3,
see invisible, carnivore, speed 1, shaggy fur 3, slow metabolism 1, sharp paws
a: Berserk, Trog's Hand, Brothers in Arms, Renounce Religion


You were on level 4 of the Spider Nest.
You worshipped Trog.
Trog was exalted by your worship.
You were very full.

You visited 4 branches of the dungeon, and saw 26 of its levels.

You collected 1746 gold pieces.
You spent 300 gold pieces at shops.

Inventory:

Jewellery
 f - an uncursed amulet of reflection
 h - a +4 ring of evasion (left paw)
 j - an amulet of guardian spirit (around neck)
 u - a +4 ring of slaying (right paw)
 y - an uncursed ring of protection from cold {unknown}
 H - a +4 ring of protection {unknown}
 I - an uncursed ring of poison resistance {unknown}
 K - a cursed amulet of inaccuracy {unknown}
 M - an uncursed ring of protection from cold {unknown}
 S - an uncursed ring of poison resistance {unknown}
 T - a +4 ring of evasion
Wands
 g - a wand of acid (18)
 v - a wand of paralysis (19)
 w - a wand of clouds (2)
 x - a wand of polymorph (2)
 z - a wand of flame (26)
 C - a wand of iceblast (16)
 G - a wand of enslavement (8)
 P - a wand of digging (8)
Scrolls
 l - 2 scrolls of holy word
 q - 12 scrolls of teleportation
 s - 2 scrolls of torment
 t - 6 scrolls of fog
 E - 6 scrolls of remove curse
 F - 2 scrolls of identify
 N - a scroll of brand weapon
Potions
 b - 4 potions of degeneration
 c - 3 potions of cancellation
 i - 3 potions of haste
 k - 7 potions of curing
 m - 4 potions of lignification
 n - 3 potions of stabbing
 o - 2 potions of magic
 p - 2 potions of invisibility
 r - 5 potions of berserk rage
 A - 3 potions of might
 B - 2 potions of flight
 D - 4 potions of mutation
 J - a potion of ambrosia
Books
 e - a manual of Evocations
Miscellaneous
 L - a phial of floods
 O - a box of beasts
 Q - a phantom mirror
 R - a tin of tremorstones (3/3)
Comestibles
 a - 52 rations


   Skills:
 + Level 15.4 Fighting
 + Level 16.7 Dodging
 + Level 11.5 Stealth
 + Level 15.4 Unarmed Combat
 + Level 13.4 Evocations


You had 13 spell levels left.
You didn't know any spells.
Your spell library was empty.

Dungeon Overview and Level Annotations

Branches:
Dungeon (15/15)            Temple (1/1) D:4            Lair (6/6) D:10
  Swamp (0/4) Lair:3       Spider (4/4) Lair:4        Slime (0/5) Lair:6
    Orc (0/2) D:11         Vaults (0/5) D:13         Depths (0/5) D:15

Altars:
Ashenzari
Elyvilon
Gozag
Hepliaklqana
Kikubaaqudgha
Nemelex Xobeh
Okawaru
Qazlal
Ru
Zin

Shops:
D:9 *[*%[   D:10 =

Annotations:
D:3 2 transporters
D:13 1 runed translucent door, Poatal's ghost, journeyman MiFi
Lair:6 exclusion: 4 oklob plants


Innate Abilities, Weirdness & Mutations

You cannot wear armour.
You are incapable of wielding weapons or throwing items.
Your paws allow you to move quietly. (Stealth)
You have sharp claws.
You have razor-sharp teeth.
You have supernaturally acute eyesight. (SInv)
You are carnivorous and can eat meat at any time.
You cover ground quickly.
Your thick and shaggy fur keeps you warm. (AC +3, rC+)
You have a slow metabolism.
Your sharp claws are effective at attacking unaware monsters.


Message History

You bump into the rock wall.
The redback completely misses you.
Your cyclops misses the redback. The redback barely misses you.
Unknown command.
Unknown command.
You bump into the rock wall.
The redback misses you.
Your cyclops misses the redback. You scratch the redback. You bite the redback.
The redback is moderately wounded.
The redback misses you.
Your cyclops hits the redback!!!
The redback dies!
Trog accepts your kill.
Your cyclops closely misses the entropy weaver.
You bump into the rock wall.
The entropy weaver hits you! The entropy weaver misses you.
The entropy weaver completely misses you.
The entropy weaver hits you!
* * * LOW HITPOINT WARNING * * *
Your cyclops closely misses the entropy weaver.
The entropy weaver hits you!
You die...

...^.........
#^.../..#..
#.<...#...
#.#...)...
##.....#..
##..^#.#
##.C...##
#†a†.......
#@#........
###.....#..
#^.^...#.
########


You could see an entropy weaver and a friendly cyclops (summoned, berserk).

Vanquished Creatures
  Asterion (Spider:1)
  Gastronok (Lair:2)
  2 entropy weavers (Spider:2)
  A spark wasp (Spider:2)
  A rakshasa (D:15)
  2 vault guards (D:13)
  A catoblepas (Lair:6)
  6 hydras
  A centaur warrior (D:14)
  A queen ant (Spider:2)
  7 two-headed ogres
  A merfolk avatar (Lair:6)
  A death knight (D:15)
  An ogre mage (D:15)
  4 death yaks (Lair:5)
  7 skeletal warriors
  A fire crab (Lair:6)
  A sea snake (Lair:6)
  An unseen horror (D:12)
  An orc knight (D:15)
  2 deep elf magi
  A harpy (Lair:6)
  2 manticores
  12 ugly things
  A salamander (shapeshifter) (D:15)
  An orc sorcerer (D:15)
  11 wolf spiders
  5 orb spiders
  3 cyclopes
  3 elephants (Lair:6)
  A moth of wrath (Lair:6)
  2 guardian serpents (D:11)
  4 black mambas
  3 naga magi (D:15)
  A torpor snail (Spider:1)
  6 spiny frogs
  4 gargoyles
  Maggie (D:6)
  3 centaur skeletons
  5 rime drakes (Lair:6)
  5 demonic crawlers
  10 komodo dragons
  A freezing wraith (D:14)
  4 trolls
  A queen bee (D:8)
  19 jumping spiders
  A wind drake (shapeshifter) (Spider:2)
  5 polar bears
  4 meliai
  5 blink frogs (Lair:2)
  11 slime creatures
  A hornet (D:11)
  9 hippogriffs
  11 tarantellas
  A spriggan (Lair:5)
  Sigmund (D:6)
  28 yaks
  2 wyverns (Lair:6)
  35 redbacks
  2 shadows
  8 humans
  A hog (Spider:1)
  3 basilisks
  2 swamp worms (Lair:6)
  2 hungry ghosts
  22 soldier ants
  A warg (D:15)
  An acid dragon (D:14)
  19 water moccasins
  7 porcupines
  8 orc warriors
  An eye of draining (D:11)
  5 sky beasts
  4 black bears
  3 ice beasts
  12 ogres
  2 phantoms
  7 crocodiles
  3 wolves (Lair:5)
  17 centaurs
  18 bullfrogs
  A gnoll sergeant (D:11)
  A wyvern skeleton (D:12)
  A water moccasin zombie (D:11)
  35 killer bees
  13 wights
  7 howler monkeys
  2 electric eels (Spider:1)
  3 centaur zombies
  8 hounds
  A bullfrog zombie (D:12)
  5 crimson imps
  2 jellies
  10 orc priests
  8 iguanas
  A bullfrog skeleton (D:13)
  19 orc wizards
  A hell rat (D:6)
  Terence (D:3)
  29 worker ants
  A killer bee zombie (D:7)
  A hound zombie (D:5)
  2 worker ant zombies
  3 howler monkey skeletons
  13 adders
  15 gnolls
  6 river rats (D:6)
  7 shadow imps
  3 oozes
  3 adder skeletons
  2 worms (D:2)
  2 dart slugs
  8 leopard geckos
  55 orcs
  5 giant cockroaches
  11 goblins
  8 hobgoblins
  6 jackals
  8 kobolds
  4 quokkas
  A ball python (D:1)
  7 bats
  12 frilled lizards
  A giant cockroach zombie (D:5)
  19 rats
  A plant (D:10)
767 creatures vanquished.

Vanquished Creatures (collateral kills)
  A hydra (D:15)
  A skeletal warrior (D:15)
  5 jumping spiders (Spider:1)
  A redback (Spider:4)
  2 tarantellas (Spider:4)
  2 orc warriors (D:10)
  A centaur (D:10)
  A bullfrog skeleton (D:10)
  An orc (D:10)
15 creatures vanquished.

Vanquished Creatures (others)
  2 vault guards (D:13)
  An unseen horror (D:11)
  A human (D:13)
  6 fungi
  31 plants
41 creatures vanquished.

Grand Total: 823 creatures vanquished

Notes
Turn   | Place    | Note
-------+----------+-------------------------------------------
     0 | D:1      | MisterFreud the Felid Berserker began the quest for the
                  | Orb.
     0 | D:1      | Reached XP level 1. HP: 10/10 MP: 2/2
   291 | D:1      | Reached XP level 2. HP: 12/14 MP: 3/3
   856 | D:1      | Reached XP level 3. HP: 18/18 MP: 4/4
  1118 | D:2      | Reached ** piety under Trog
  1359 | D:2      | Found a white marble altar of Elyvilon.
  1506 | D:2      | Reached XP level 4. HP: 22/22 MP: 5/5
  1530 | D:2      | Reached skill level 5 in Fighting
  1757 | D:2      | Reached skill level 1 in Stealth
  1759 | D:2      | Found a shattered altar of Ashenzari.
  2529 | D:3      | Found a transporter.
  2551 | D:3      | Noticed Terence
  2557 | D:3      | Killed Terence
  2557 | D:3      | Reached XP level 5. HP: 26/26 MP: 6/6
  2563 | D:3      | Reached *** piety under Trog
  2664 | D:3      | Found a transporter.
  2722 | D:3      | Found a stormy altar of Qazlal.
  2722 | D:3      | Found an iron altar of Okawaru.
  2758 | D:3      | Noticed an orc warrior
  2857 | D:3      | Killed an orc warrior
  2857 | D:3      | Reached skill level 5 in Stealth
  2860 | D:3      | Gained mutation: You are covered in thick fur. (AC +2)
                  | [Felid growth]
  2860 | D:3      | Reached XP level 6. HP: 14/30 MP: 2/7
  3871 | D:4      | Found a staircase to the Ecumenical Temple.
  3883 | D:4      | Reached skill level 5 in Dodging
  3971 | Temple   | Entered the Ecumenical Temple
  4328 | D:4      | Reached XP level 7. HP: 18/33 MP: 2/8
  4330 | D:4      | Reached **** piety under Trog
  5217 | D:4      | Reached skill level 6 in Dodging
  5482 | D:5      | Entered Level 5 of the Dungeon
  5562 | D:5      | Reached skill level 5 in Unarmed Combat
  5898 | D:5      | Reached skill level 7 in Dodging
  5902 | D:5      | Reached XP level 8. HP: 38/38 MP: 5/9
  6016 | D:5      | Found an opulent altar of Gozag.
  6108 | D:5      | Found a sand-covered staircase.
  6429 | D:6      | Reached skill level 8 in Dodging
  6588 | D:6      | Reached skill level 9 in Dodging
  6674 | D:6      | Found an ancient bone altar of Kikubaaqudgha.
  6727 | D:6      | Noticed Maggie
  6733 | D:6      | Noticed Sigmund
  6744 | D:6      | Killed Maggie
  6744 | D:6      | Reached skill level 10 in Dodging
  6753 | D:6      | Killed Sigmund
  6753 | D:6      | Reached ***** piety under Trog
  6753 | D:6      | Reached XP level 9. HP: 32/42 MP: 3/10
  7130 | D:6      | Found the +2 ratskin cloak {+Rats rPois rN+ Str-1 Int-1
                  | Dex+1}
  8262 | D:7      | Noticed a gargoyle
  8270 | D:7      | Killed a gargoyle
  8769 | D:8      | Reached XP level 10. HP: 48/48 MP: 11/11
  8824 | D:8      | Reached skill level 10 in Stealth
  9717 | D:8      | Reached ****** piety under Trog
 10055 | D:8      | Found a sparkling altar of Nemelex Xobeh.
 10348 | D:9      | Noticed a two-headed ogre
 10349 | D:9      | Found a hazy altar of Hepliaklqana.
 10355 | D:9      | Killed a two-headed ogre
 10375 | D:9      | Found Zielora's Food Boutique.
 10441 | D:9      | Reached skill level 10 in Fighting
 10450 | D:9      | Reached skill level 10 in Unarmed Combat
 10491 | D:9      | Found Jercho's Armour Shop.
 10616 | D:9      | Found Xurebud's Assorted Antiques.
 10658 | D:9      | Bought a viscous cyan potion for 28 gold pieces
 10658 | D:9      | Bought a scroll labeled RIRHUDWURUM for 32 gold pieces
 10700 | D:9      | Found Zedwee Firu's Armour Boutique.
 10725 | D:9      | Noticed a two-headed ogre
 10732 | D:9      | Killed a two-headed ogre
 10732 | D:9      | Reached skill level 11 in Dodging
 10732 | D:9      | Reached XP level 11. HP: 54/54 MP: 12/12
 10837 | D:9      | Found Aseot's General Store.
 10992 | D:9      | Bought a scroll of identify for 30 gold pieces
 10992 | D:9      | Bought a potion of curing for 45 gold pieces
 10992 | D:9      | Bought a wand of iceblast (7) for 165 gold pieces
 11039 | D:9      | Found a glowing silver altar of Zin.
 11040 | D:9      | Noticed an angel
 11326 | D:10     | Entered Level 10 of the Dungeon
 11385 | D:10     | Reached skill level 1 in Evocations
 11812 | D:10     | Found Loyrhoyz's Jewellery Boutique.
 11839 | D:10     | Found a staircase to the Lair.
 11945 | D:10     | Reached skill level 12 in Dodging
 12395 | D:11     | Noticed an unseen horror
 12419 | D:11     | Found a staircase to the Orcish Mines.
 12448 | D:11     | Killed an unseen horror
 12543 | D:11     | Reached skill level 5 in Evocations
 12677 | D:11     | Reached skill level 13 in Dodging
 12837 | D:11     | Found a flagged portal.
 12896 | D:11     | Noticed a cyan ugly thing
 12913 | D:11     | Killed a cyan ugly thing
 13448 | D:12     | Noticed a green ugly thing
 13476 | D:12     | Killed a green ugly thing
 13592 | D:12     | Reached skill level 14 in Dodging
 13592 | D:12     | Gained mutation: Your thick and shaggy fur keeps you warm.
                  | (AC +3, rC+) [Felid growth]
 13592 | D:12     | Reached XP level 12. HP: 58/58 MP: 18/18
 14317 | D:12     | Reached skill level 15 in Dodging
 14745 | Lair:1   | Entered Level 1 of the Lair of Beasts
 14763 | Lair:1   | Noticed a six-headed hydra
 14765 | Lair:1   | Killed a six-headed hydra
 14918 | Lair:1   | Identified a scroll of acquirement
 14918 | Lair:1   | Acquired a manual of Evocations
 14953 | Lair:1   | Reached skill level 16 in Dodging
 15863 | Lair:2   | Noticed Gastronok
 15869 | Lair:2   | Killed Gastronok
 15869 | Lair:2   | Reached skill level 10 in Evocations
 17234 | Lair:3   | Noticed a five-headed hydra
 17241 | Lair:3   | Killed a five-headed hydra
 17299 | Lair:3   | Noticed a four-headed hydra
 17311 | Lair:3   | Killed a four-headed hydra
 17311 | Lair:3   | Reached XP level 13. HP: 62/62 MP: 17/22
 17358 | Lair:3   | Found a staircase to the Swamp.
 18749 | Lair:4   | Found a hole to the Spider Nest.
 20442 | Lair:6   | Entered Level 6 of the Lair of Beasts
 21836 | Lair:6   | Reached XP level 14. HP: 58/69 MP: 20/24
 22652 | Lair:6   | Found a staircase to the Slime Pits.
 23166 | D:13     | Found a runed translucent door.
 23166 | D:13     | Noticed Poatal's ghost (journeyman MiFi)
 23713 | D:13     | Found a gate to the Vaults.
 23831 | D:13     | HP: 4/105 [skeletal warrior/+2 antimagic long sword (23)]
 25298 | D:14     | Found a sacrificial altar of Ru.
 25364 | D:15     | Entered Level 15 of the Dungeon
 26481 | D:15     | Found a staircase to the Depths.
 26510 | D:15     | Reached XP level 15. HP: 60/76 MP: 20/25
 27150 | Spider:1 | Entered Level 1 of the Spider Nest
 27436 | Spider:1 | Reached skill level 15 in Unarmed Combat
 27450 | Spider:1 | Reached skill level 15 in Fighting
 27671 | Spider:1 | Slain by a troll
 27672 | Spider:1 | Reached XP level 14. HP: 0/73 MP: 0/24
 28440 | Spider:1 | HP: 2/73 [poisoned by a redback]
 28972 | Spider:2 | HP: 3/73 [disintegration (41)]
 31091 | Spider:2 | Noticed Asterion
 31094 | Spider:2 | Noticed a balrug
 31106 | Spider:1 | Killed from afar by Asterion
 31107 | Spider:1 | Reached XP level 13. HP: -4/69 MP: 0/23
 31118 | Spider:1 | Killed Asterion
 31343 | Spider:2 | Noticed an entropy weaver
 31356 | Spider:2 | Killed an entropy weaver
 31356 | Spider:2 | Reached XP level 14. HP: 21/73 MP: 6/24
 31760 | Spider:2 | Noticed an entropy weaver
 31951 | Spider:2 | Killed an entropy weaver
 32145 | Spider:3 | Noticed an entropy weaver
 32149 | Spider:4 | Entered Level 4 of the Spider Nest
 32149 | Spider:4 | Noticed an entropy weaver
 32180 | Spider:4 | Slain by an entropy weaver

Illustrated notes

Levels and vault maps discovered:
D:1:      lightli_molten_gateway, layout_basic
D:2:      minmay_thinvault, layout_basic, elyvilon_altar_5, ashenzari_altar_1
D:3:      cheibrodos_pilgrimage, layout_basic, amethyst_overflow_temple_binary,
          gammafunk_ghost_gnarly_gnolls, serial_bayou_lake_a, uniq_terence
D:4:      layout_basic, minmay_temple_entry_purple_smoke
D:5:      layout_loops_cross, grunt_gozag_statues,
          nicolae_ossuary_entry_monument, first_ration, minmay_crystal_room,
          minivault_11
D:6:      wander_guarded_unrand_ratskin, layout_loops_ring, lemuel_round_altar,
          solitary_fountain, uniq_maggie, uniq_sigmund
D:7:      layout_loops_corners, minmay_manual_mandibuliform
D:8:      layout_basic, david_nohive_1, nemelex_dance_club_becter
D:9:      layout_basic, old_standard_altar, zin_angel, serial_shops, shop,
          kennysheep_little_box, nicolae_shop_stone, shop_coins,
          nicolae_shop_stone, chequers_garden
D:10:     layout_stronghold, david_lair_shrubbed, serial_shops, shop,
          minivault_4, kennysheep_kite_vault
D:11:     nrook_guardian_serpent_snake_passage, layout_basic, enter_bailey_3
D:12:     layout_irregular_city
D:13:     layout_long_grid, ximxim_vaults_locker_room, gammafunk_ghost_grave
D:14:     layout_gridville, minmay_staircase_windowed_large,
          nicolae_ru_the_path_less_chosen
D:15:     grunt_enter_depths_magical_seal, layout_long_grid, solitary_fountain
Temple:   minmay_temple_curvy_branch
Lair:1:   layout_chaotic_city
Lair:2:   layout_cave_pods, uniq_gastronok
Lair:3:   layout_hall_layers, swamp_mist, st_stairs_7
Lair:4:   layout_loops_ring, spider_nest_entry_a
Lair:5:   layout_hall_layers, forest_entry_grove, grunt_megastairs_5
Lair:6:   gammafunk_lair_ancient_temple, layout_long_grid,
          minmay_slime_entry_oklob_open, gauntlet_entry_generic,
          hangedman_lair_unloving_vines, worms_lemuel, lemuel_fruit_fields
Spider:1: layout_spider_delve
Spider:2: nicolae_spider_mines_1, drop_trap, zaba_antful_of_joy, uniq_asterion
Spider:3: layout_spider_delve, nicolae_spider_webs_and_nodes, drop_trap
Spider:4: grunt_spider_rune_circles, nicolae_spider_circle_web,
          nicolae_spider_cling_ruins, uniq_mara, uniq_arachne

Skill      XL: |  1  2  3  4  5  6  7  8  9 10 11 12 13 14 15 |
---------------+----------------------------------------------+-----
Fighting       | 4 5 6 8 10 12 14 15 | 15.4
Stealth        | 4 5 6 7 9 10 11 | 11.5
Dodging        | 5 7 10 11 14 16 | 16.7
Unarmed Combat | 5 6 8 10 12 14 15 | 15.4
Evocations     | 7 11 13 | 13.4

Action                   |  1- 3 |  4- 6 |  7- 9 | 10-12 | 13-15 || total
-------------------------+-------+-------+-------+-------+-------++-------
Melee: Unarmed           |   110 |   183 |   320 |   720 |  1275 ||  2608
       Bite              |     5 |    16 |    34 |    78 |   183 ||   316
       Punch             |       |     3 |    12 |    40 |   109 ||   164
Invok: Berserk           |     1 |     9 |    10 |    19 |    33 ||    72
       Trog's Hand       |       |     1 |     4 |     6 |    18 ||    29
       Brothers in Arms  |       |       |       |     1 |     6 ||     7
Evoke: Wand              |       |       |       |     1 |    20 ||    21
  Use: Scroll            |     9 |     3 |       |     6 |    18 ||    36
       Potion            |       |     1 |       |     2 |     9 ||    12
 Stab: Sleeping          |     4 |     5 |    34 |    46 |    29 ||   118
       Distracted        |       |       |     1 |     2 |     8 ||    11
  Eat: Chunk             |     9 |    14 |    20 |    40 |    68 ||   151
Armor: Skin              |     4 |    12 |     3 |    20 |    27 ||    66
Dodge: Dodged            |    92 |   167 |   247 |   833 |  1643 ||  2982
